 Dungeon Crawl Stone Soup version 0.28.0-49-g6dfe1f597d (webtiles) character file.

Game seed: 1384268038501752190

43 Zeld the Skirmisher (level 3, -1/30 HPs)
             Began as a Formicid Monk on May 18, 2022.
             Slain by a ball python (2 damage)
             ... on level 2 of the Dungeon.
             The game lasted 00:02:43 (1840 turns).

Zeld the Skirmisher (Formicid Monk)                 Turns: 1840, Time: 00:02:44

Health: -1/30      AC:  2    Str: 17    XL:     3   Next: 82%
Magic:  3/3        EV:  9    Int:  9    God:
Gold:   61         SH:  0    Dex: 13    Spells: 2/2 levels left

rFire   . . .      SeeInvis +   a - +0 hand axe
rCold   . . .      Faith    .   (no shield)
rNeg    . . .      Spirit   .   b - +0 robe
rPois   .          Reflect  .   (helmet unavailable)
rElec   .          Harm     .   (no cloak)
rCorr   .          Rampage  .   (no gloves)
Will    .....                   (no boots)
Stlth   ++........              (no amulet)
HPRegen 0.10/turn               (no ring)
MPRegen 0.08/turn               (no ring)

@: lethally poisoned (-1 -> -2), constricted
A: permanent stasis, dig shafts and tunnels, antennae 3, four strong arms
a: Dig, Shaft Self


You were on level 2 of the Dungeon.
You visited 1 branch of the dungeon, and saw 2 of its levels.

You collected 61 gold pieces.

Inventory:

Hand Weapons
 a - a +0 hand axe (weapon)
Missiles
 i - 24 sling bullets
 j - 8 stones
Armour
 b - a +0 robe (worn)
Jewellery
 f - a ring of fire
Scrolls
 c - a scroll of immolation {unknown}
 d - a scroll of brand weapon {unknown}
 g - a scroll of vulnerability {unknown}
 h - 2 scrolls of magic mapping {unknown}
 k - a scroll of enchant weapon {unknown}
Potions
 e - a potion of haste {unknown}


   Skills:
 * Level 4.0 Fighting
 * Level 3.6 Axes
 - Level 2.6 Dodging
 + Level 3.1 Stealth


You had 2 spell levels left.
You didn't know any spells.
Your spell library was empty.

Dungeon Overview and Level Annotations

Branches:
Dungeon (2/15)

Altars:

Annotations:
D:2 Robin


Innate Abilities, Weirdness & Mutations

You cannot be hasted, slowed, berserked, paralysed or teleported.
You can dig through walls and to a lower floor.
You have a pair of large antennae on your head. (SInv)
Your four strong arms can wield two-handed weapons with a shield.


Message History

There is a stone staircase leading up, spattered with blood here.
The adder barely misses you. The ball python bites you.
The ball python grabs you.
You stop ascending the stairs.
The ball python constricts you.
The ball python bites you but does no damage.
The hobgoblin hits you. The adder bites you but does no damage.
Unknown command.
You escape the ball python's grasp.
The goblin barely misses you.
The ball python bites you but does no damage.
The ball python grabs you.
You stop ascending the stairs.
The ball python constricts you.
Robin roars a battlecry!
The goblins go into a battle-frenzy!
The ball python bites you. The ball python barely misses you.
The hobgoblin hits you! The adder bites you but does no damage.
Unknown command.
Unknown command.
You escape the ball python's grasp.
The ball python hisses angrily.
The ball python closely misses you. The ball python barely misses you.
The goblin hits you but does no damage. The adder bites you.
* * * LOW HITPOINT WARNING * * *
You are poisoned.
The adder poisons you! The ball python barely misses you.
The ball python grabs you.
You stop ascending the stairs.
The ball python constricts you. The ball python bites you.
* * * LOW HITPOINT WARNING * * *
The hobgoblin barely misses you.
Unknown command.
Unknown command.
Unknown command.
You barely miss the adder. You hit the hobgoblin. You barely miss the goblin.
You hit the ball python. x2
You hit the ball python but do no damage.
You feel sick.
The ball python bites you but does no damage.
The adder closely misses you. The goblin hits you with a +0 dagger.
* * * LOW HITPOINT WARNING * * *
The ball python bites you.
You die...

#... ..# ##.... #.# ......
#S# #.....##.####
................#
#.#.............# .....
##.....S..# #.#
....##....g@S..# #.# .
..#.....#.gSS..# #.# .
.#......g#.#.## #.###.
#..#...#...#.### #..... {
#{##.......#...## #.....
#.g.............######.....
#S)##.......>.........<....
{{
#S.##............#####.....
{ { #.{##............#
#.....


You could see Robin, an adder, a hobgoblin (strong), a goblin (strong) and 4
ball pythons.

Vanquished Creatures
  A dart slug (D:1)
  6 bats
  4 endoplasms
  2 giant cockroaches (D:1)
  10 goblins
  A hobgoblin (D:2)
  5 jackals (D:1)
  3 kobolds (D:1)
  2 frilled lizards (D:1)
34 creatures vanquished.

Vanquished Creatures (others)
  A plant (D:2)
1 creature vanquished.

Grand Total: 35 creatures vanquished

Notes
Turn   | Place    | Note
-------+----------+-------------------------------------------
     0 | D:1      | Zeld the Formicid Monk began the quest for the Orb.
     0 | D:1      | Reached XP level 1. HP: 18/18 MP: 1/1
    98 | D:1      | Reached XP level 2. HP: 22/24 MP: 2/2
   488 | D:1      | Reached XP level 3. HP: 21/30 MP: 3/3
  1234 | D:2      | Noticed Robin
  1364 | D:1      | Reached skill level 4 in Fighting
  1840 | D:2      | HP: 1/30 [goblin/+0 dagger[Robin] (4)]
  1840 | D:2      | Slain by a ball python

Illustrated notes

Levels and vault maps discovered:
D:1:      tarquinn_simple_flora_water_a, layout_basic, st_stairs_6
D:2:      cheibrodos_helix_gallery, layout_rooms, minmay_shallow_snake_nest,
          uniq_robin

Skill      XL: |  1  2  3 |
---------------+----------+-----
Stealth        | 3 |  3.1
Fighting       | 4 |  4.0
Axes           | |  3.6
Dodging        | |  2.6

Action                   || total
-------------------------++-------
Melee: Hand axe          ||    76
       Punch             ||     1
 Stab: Sleeping          ||     6
Armor: Robe              ||    28
Dodge: Dodged            ||    71
